 Dungeon Crawl Stone Soup version 0.25.1-8-g42b30a86e7 (webtiles) character file.

Game seed: 15151374634549086495

2503 Clowwww the Chopper (level 9, -16/70 HPs)
             Began as a Demonspawn Fighter on Dec 18, 2020.
             Was a Follower of Trog.
             Demolished by an orc warrior
             ... wielding a +0 halberd
              (31 damage)
             ... in a bailey.
             The game lasted 00:16:57 (7252 turns).

Clowwww the Chopper (Demonspawn Fighter)            Turns: 7252, Time: 00:16:57

Health: -16/70     AC: 13    Str: 21    XL:     9   Next: 28%
Magic:  9/9        EV: 11    Int:  9    God:    Trog [*.....]
Gold:   438        SH: 11    Dex: 18    Spells: 8/8 levels left

rFire    + . .     SeeInvis .   b - +1 war axe (venom)
rCold    . . .     Gourm    .   c - +0 kite shield
rNeg     . . .     Faith    .   g - +0 ring mail {rF+}
rPois    .         Spirit   .   (no helmet)
rElec    .         Reflect  .   G - +2 cloak {MR+}
rCorr    .         Harm     .   v - +2 pair of gloves {archery}
MR       ++...                  (no boots)
Stlth    +.........             (no amulet)
HPRegen  0.21/turn              o - +6 ring of dexterity
MPRegen  0.11/turn              z - ring of protection from magic

@: mighty
A: hooves 1, rugged brown scales 1, rot immunity
a: Berserk, Renounce Religion


You were in a bailey.
You worshipped Trog.
Trog was aware of your devotion.
You were near starving.

You visited 1 branch of the dungeon, and saw 7 of its levels.
You also visited: Sewer and Bailey.

You collected 438 gold pieces.

Inventory:

Hand Weapons
 b - a +1 war axe of venom (weapon)
Missiles
 a - 5 javelins (quivered)
 j - 3 silver boomerangs
 m - a throwing net
Armour
 c - a +0 kite shield (worn)
 g - a +0 ring mail of fire resistance (worn)
 v - a +2 pair of gloves of archery (worn)
 G - a +2 cloak of magic resistance (worn)
Jewellery
 i - an uncursed ring of magical power
 o - a +6 ring of dexterity (left hand)
 s - a +6 ring of intelligence
 z - a ring of protection from magic (right hand)
Wands
 p - a wand of paralysis (8)
 r - a wand of acid (10)
 x - a wand of disintegration (13)
Scrolls
 h - 2 scrolls of remove curse
 n - 2 scrolls of blinking {unknown}
 q - 2 scrolls of amnesia
 y - a scroll of teleportation
 E - a scroll of enchant armour {unknown}
 F - 4 scrolls of identify
Potions
 d - 2 potions of heal wounds {unknown}
 e - 4 potions of curing
 k - 2 potions of flight {unknown}
 l - a potion of stabbing {unknown}
 w - a potion of berserk rage {unknown}
 A - a potion of experience {unknown}
 C - 2 potions of lignification {unknown}
 D - a potion of brilliance {unknown}
Comestibles
 f - 12 rations


   Skills:
 + Level 5.3 Fighting
 + Level 7.6 Axes
 + Level 2.0 Throwing
 + Level 5.0 Armour
 + Level 2.9 Dodging
 + Level 1.1 Stealth
 + Level 5.5 Shields


You had 8 spell levels left.
You didn't know any spells.
Your spell library was empty.

Dungeon Overview and Level Annotations

Branches:
Dungeon (7/15)             Temple (0/1) D:7           Sewer (visited)
 Bailey (1/1)

Altars:
Ashenzari
Fedhas
Gozag
Kikubaaqudgha
Makhleb
Ru
Trog
Vehumet
Zin


Innate Abilities, Weirdness & Mutations

You have large cloven feet.
You are partially covered in rugged brown scales. (AC +1, +3% HP)
You are immune to rotting.


Message History

You block the orc warrior's attack. x2
You closely miss the orc warrior.
You kick the orc warrior, but do no damage.
The orc warrior is almost dead.
The orc knight roars a battlecry!
The orc warrior goes into a battle-frenzy!
You block the orc warrior's attack. The orc warrior closely misses you.
You completely miss the orc warrior. Your kick misses the orc warrior.
The orc warrior is almost dead.
You block the orc warrior's attack.
The orc warrior hits you with a +0 halberd.
* * * LOW HITPOINT WARNING * * *
You slice the orc warrior!!
You kill the orc warrior!
Trog accepts your kill.
The orc no longer looks unusually strong.
The orc warrior hits you from afar with a +0 halberd.
* * * LOW HITPOINT WARNING * * *
The orc warrior hits you with a +0 halberd!!
You die...

### ## ##
##∩###########.##
..##...##.....##...#
≈..#...#..≈≈≈..#..$#
≈≈.......≈≈o≈≈.#o..#
o≈.......≈.oo≈.'@).#
≈≈.).)...≈≈o≈≈.#...#
≈..#...#..≈≈≈..#).}#
..##.∩.##.....##..(#
## ##∩###########.##
### ##


You could see an orc knight, 2 orc warriors and 2 orcs.

Vanquished Creatures
  An orc knight (Bailey)
  Menkaure (D:4)
  Edmund (D:5)
  3 sky beasts (D:5)
  An orc warrior (Bailey)
  An ogre (D:7)
  A centaur (D:5)
  Blork the orc (D:6)
  4 bullfrogs
  A scorpion (D:4)
  3 howler monkeys
  A crimson imp (D:5)
  A bullfrog zombie (D:5)
  A bullfrog skeleton (D:7)
  An orc priest (D:4)
  A hound (D:6)
  2 orc wizards (D:4)
  Crazy Yiuf (D:3)
  4 iguanas
  3 worker ants
  Natasha (D:4)
  A hound skeleton (D:5)
  A gnoll (D:1)
  16 adders
  A shadow imp (D:6)
  2 oozes
  An adder skeleton (D:4)
  3 worms
  3 dart slugs
  11 leopard geckos
  18 orcs
  7 ball pythons
  10 giant cockroaches
  8 goblins
  7 hobgoblins
  13 jackals
  7 quokkas
  13 bats
  10 frilled lizards
  A kobold (D:1)
  2 quokka skeletons
  9 rats
178 creatures vanquished.

Notes
Turn   | Place    | Note
-------+----------+-------------------------------------------
     0 | D:1      | Clowwww the Demonspawn Fighter began the quest for the Orb.
     0 | D:1      | Reached XP level 1. HP: 18/18 MP: 1/1
   113 | D:1      | Gained mutation: You are immune to rotting. [demonic
                  | ancestry]
   113 | D:1      | Reached XP level 2. HP: 14/24 MP: 2/2
   489 | D:1      | Reached skill level 2 in Axes
   753 | D:1      | Reached XP level 3. HP: 29/29 MP: 3/3
  1483 | D:2      | Found a shattered altar of Ashenzari.
  1530 | D:2      | Found an ancient bone altar of Kikubaaqudgha.
  1595 | D:2      | Found a sacrificial altar of Ru.
  1602 | D:2      | Reached XP level 4. HP: 31/35 MP: 4/4
  1776 | D:2      | Found a glowing silver altar of Zin.
  2283 | D:3      | Found a glowing drain.
  2315 | Sewer    | Entered a sewer
  2663 | Sewer    | Reached XP level 5. HP: 32/41 MP: 5/5
  2917 | Sewer    | Reached skill level 3 in Axes
  2917 | Sewer    | Reached skill level 1 in Dodging
  2927 | Sewer    | Reached XP level 6. HP: 17/47 MP: 6/6
  3637 | D:3      | Found a radiant altar of Vehumet.
  3912 | D:3      | Found a runed translucent door.
  3913 | D:3      | Noticed Crazy Yiuf
  3919 | D:3      | Killed Crazy Yiuf
  4647 | D:4      | Reached skill level 4 in Axes
  4941 | D:4      | Reached XP level 7. HP: 36/53 MP: 7/7
  5110 | D:4      | Noticed Menkaure
  5125 | D:4      | Killed Menkaure
  5129 | D:4      | Reached skill level 5 in Axes
  5482 | D:4      | Noticed Natasha
  5484 | D:4      | Killed Natasha
  5599 | D:5      | Entered Level 5 of the Dungeon
  5769 | D:5      | Found a blossoming altar of Fedhas.
  5809 | D:5      | Found a burning altar of Makhleb.
  5837 | D:5      | Gained mutation: You are partially covered in rugged brown
                  | scales. (AC +1, +3% HP) [demonic ancestry]
  5837 | D:5      | Reached XP level 8. HP: 54/61 MP: 8/8
  6078 | D:5      | Noticed a moth of wrath
  6080 | D:5      | Found a bloodstained altar of Trog.
  6097 | D:5      | Became a worshipper of Trog the Wrathful
  6259 | D:5      | Noticed Edmund
  6269 | D:5      | Killed Edmund
  6269 | D:5      | Reached skill level 6 in Axes
  6296 | D:5      | Reached skill level 1 in Stealth
  6587 | D:6      | Reached skill level 1 in Throwing
  6683 | D:6      | Noticed Blork the orc
  6695 | D:6      | Killed Blork the orc
  6695 | D:6      | Reached skill level 5 in Shields
  6994 | D:6      | Found an opulent altar of Gozag.
  7091 | D:7      | Reached skill level 5 in Fighting
  7094 | D:7      | Reached skill level 7 in Axes
  7113 | D:7      | Reached * piety under Trog
  7118 | D:7      | Found a staircase to the Ecumenical Temple.
  7151 | D:7      | Found a flagged portal.
  7168 | Bailey   | Entered a bailey
  7168 | Bailey   | Noticed an orc knight
  7168 | Bailey   | Noticed an orc knight
  7168 | Bailey   | Noticed an orc knight
  7169 | Bailey   | Noticed an orc knight
  7189 | Bailey   | Killed an orc knight
  7189 | Bailey   | Reached skill level 5 in Armour
  7189 | Bailey   | Gained mutation: You have large cloven feet. [demonic
                  | ancestry]
  7189 | Bailey   | Reached XP level 9. HP: 70/70 MP: 9/9
  7252 | Bailey   | Demolished by an orc warrior

Illustrated notes

Levels and vault maps discovered:
D:1:      dpeg_arrival_concentric_ovals, layout_loops_ring,
          hangedman_abyss_or_decor_stabs
D:2:      layout_basic, marbit_many_paths, lemuel_crystal_altar,
          nicolae_overflow_crystal_walls, nicolae_ru_sacrificial_ziggurat
D:3:      layout_loops_corners, lemuel_crystal_altar,
          cheibrodos_sewer_entry_sluice, kennysheep_generic_room_12,
          uniq_crazy_yiuf_cottage
D:4:      cheibrodos_old_hovel, layout_gridville, first_ration, grunt_decor_cap,
          uniq_natasha, uniq_menkaure
D:5:      kennysheep_six_static_rooms, layout_loops_ring, fedhas_altar_3,
          basic_altar, tgw_trog, uniq_edmund
D:6:      layout_rooms, lemuel_coloured_pillars_altar, uniq_blork_the_orc
D:7:      layout_rooms, minmay_temple_entry_crystal_x, enter_bailey_6,
          grunt_ministairs_15, minmay_manual_mullet
Bailey:   bailey_polearm_4, bailey

Skill      XL: |  1  2  3  4  5  6  7  8 |
---------------+-------------------------+-----
Shields        | 3 4 5 |  5.5
Axes           | 2 3 4 5 7 |  7.6
Armour         | 3 4 5 |  5.0
Dodging        | 1 2 |  2.9
Fighting       | 4 5 |  5.3
Stealth        | 1 |  1.1
Throwing       | 2 |  2.0

Action                   |  1- 3 |  4- 6 |  7- 9 || total
-------------------------+-------+-------+-------++-------
Melee: War axe           |   166 |   261 |   179 ||   606
       Kick              |       |       |     2 ||     2
Throw: Javelin           |       |       |     8 ||     8
Invok: Berserk           |       |       |     1 ||     1
  Use: Scroll            |       |     8 |     5 ||    13
       Potion            |       |     1 |     1 ||     2
  Eat: Chunk             |     3 |    11 |     7 ||    21
Armor: Scale mail        |    86 |   124 |       ||   210
       Ring mail         |       |    26 |    65 ||    91
Dodge: Dodged            |    61 |    95 |    55 ||   211
Block: Kite shield       |   109 |   182 |    82 ||   373
